 Dungeon Sprint DCSS version 0.26-a0-1026-g544776af23 (webtiles) character file.

Game seed: 12284793491884379295

48 sahdkjhfkaj the Blocker (level 6, -4/60 HPs)
             Began as a Minotaur Fighter on Dec 9, 2020.
             Was an Elder of Cheibriados.
             Slain by a merfolk
             ... wielding a +0 trident
              (19 damage)
             ... in the Dungeon (Sprint VI: "Thunderdome").
             The game lasted 00:00:46 (201 turns).

sahdkjhfkaj the Blocker (Minotaur Fighter)           Turns: 201, Time: 00:00:46

Health: -4/60      AC:  7    Str: 33    XL:     6   Next: 47%
Magic:  5/5        EV: 13    Int: 15    God:    Cheibriados [****..]
Gold:   160        SH: 14    Dex: 19    Spells: 5/5 levels left

rFire    . . .     SeeInvis .   a - +0 broad axe
rCold    . . .     Faith    .   c - +0 kite shield
rNeg     . . .     Spirit   .   b - +0 scale mail
rPois    .         Reflect  .   (helmet restricted)
rElec    .         Harm     .   (no cloak)
rCorr    .         Rampage  .   (no gloves)
Will     .....     NoTele   +   (no boots)
Stlth    ..........             (no amulet)
HPRegen  0.20/turn              (no ring)
MPRegen  0.09/turn              (no ring)

@: very slow
A: retaliatory headbutt, horns 2
a: Bend Time, Temporal Distortion, Slouch, Renounce Religion


You were in the Dungeon.
You worshipped Cheibriados.
Cheibriados was greatly pleased with you.
You visited 1 branch You collected 280 gold pieces.
You spent 120 gold pieces at shops.

Inventory:

Hand Weapons
 a - a +0 broad axe (weapon)
Armour
 b - a +0 scale mail (worn)
 c - a +0 kite shield (worn)
Wands
 k - a wand of acid (5)
 l - a wand of iceblast (5)
Scrolls
 j - 4 scrolls of blinking
 m - 3 scrolls of fog
Potions
 d - a potion of might
 f - 3 potions of heal wounds
 g - 4 potions of haste
 h - 2 potions of magic
 i - a potion of berserk rage
 n - a potion of resistance


   Skills:
 + Level 7.3 Fighting
 * Level 9.4 Axes
 + Level 7.2 Armour
 + Level 5.5 Dodging
 * Level 9.6 Shields


You had 5 spell levels left.
You didn't know any spells.
Your spell library was empty.

Dungeon Overview and Level Annotations

Branches:
Dungeon (1/1)

Altars:
Cheibriados
Dithmenos
Fedhas
Gozag
Kikubaaqudgha
Makhleb
Okawaru
Qazlal
Ru
Sif Muna
Trog
Vehumet
Wu Jian
Xom
Yredelemnul
Zin
Beogh
Jiyva
Lugonu

Shops:
D *[??*?*:[((


Innate Abilities, Weirdness & Mutations

You reflexively headbutt those who attack you in melee.
You have a pair of horns on your head.


Message History

e - a +0 broad axe (weapon)
Adjust to which letter? (? for menu, Esc to quit)
a - a +0 broad axe (weapon)
There is an entrance to Woganak's Basic Armour here.
You start resting.
Get ready!
You start resting.
ROUND 3!
FIGHT!
You sense a tension in the west.
You start resting.
A merfolk comes into view. It is wielding a +0 trident.
A merfolk is nearby!
A merfolk is nearby!
A merfolk is nearby!
The merfolk shouts!
Unknown command.
The merfolk hits you with a +0 trident!!
* * * LOW HITPOINT WARNING * * *
The merfolk hits you with a +0 trident!!
You die...

##.___....B.###......__.
#∩...)†...8.# #.8........
.............###..........
........†.###...###.......
..........# #.<.# .......
..........###...###.......
...........†.###.........
##∩........8.# #.8......
##∩___...m@.###......_
######.8.........8.#
#⌠...........⌠#
###.........###
#_........# #_......._#
#_......._# #∩.......∩#
##∩.....∩##


You could see a merfolk.

Vanquished Creatures
  A soldier ant (D)
  An ogre (D)
  A scorpion (D)
  A killer bee (D)
  4 worker ants (D)
  A giant cockroach (D)
  A kobold (D)
10 creatures vanquished.

Notes
Turn   | Place    | Note
-------+----------+-------------------------------------------
     0 | D        | sahdkjhfkaj the Minotaur Fighter began the quest for the
                  | Orb.
     0 | D        | Reached XP level 1. HP: 19/19 MP: 0/0
     1 | D        | Found an ornate altar of the Wu Jian Council.
     1 | D        | Found a snail-covered altar of Cheibriados.
     2 | D        | Found an ancient bone altar of Kikubaaqudgha.
     2 | D        | Found a shimmering blue altar of Sif Muna.
     3 | D        | Found a bloodstained altar of Trog.
     3 | D        | Found a burning altar of Makhleb.
     4 | D        | Found a radiant altar of Vehumet.
     4 | D        | Found Wiyxegit's Staff Store.
     4 | D        | Found Riz Devedei's Magic Scroll Shop.
     5 | D        | Found Weifreax's Must-Have Magic.
     5 | D        | Found Jahe Diy's Magic Scroll Shop.
     5 | D        | Round 1.
    15 | D        | Became a worshipper of Cheibriados the Contemplative
    31 | D        | Found a shadowy altar of Dithmenos.
    34 | D        | Noticed an ogre
    35 | D        | Found a glowing silver altar of Zin.
    35 | D        | Found a corrupted altar of Lugonu.
    35 | D        | Found Vuzizxaj's Jewellery.
    36 | D        | Found Hobbeuru's Advanced Armour.
    38 | D        | Reached * piety under Cheibriados
    46 | D        | Killed an ogre
    47 | D        | Reached skill level 5 in Fighting
    47 | D        | Reached skill level 5 in Axes
    47 | D        | Reached skill level 5 in Armour
    47 | D        | Reached XP level 2. HP: 7/29 MP: 1/1
    47 | D        | Reached XP level 3. HP: 9/36 MP: 2/2
    47 | D        | Reached XP level 4. HP: 11/42 MP: 3/3
    64 | D        | Found a roughly hewn altar of Beogh.
    64 | D        | Found a viscous altar of Jiyva.
    64 | D        | Found a stormy altar of Qazlal.
    64 | D        | Found Dummeplilu's Identification Station.
    70 | D        | Reached ** piety under Cheibriados
    75 | D        | Arena points: 12 (+12) [x2]
    76 | D        | Reached XP level 5. HP: 9/50 MP: 4/4
   122 | D        | Round 2.
   124 | D        | Found a sacrificial altar of Ru.
   125 | D        | Found an opulent altar of Gozag.
   128 | D        | Reached *** piety under Cheibriados
   130 | D        | Noticed a soldier ant
   143 | D        | Killed a soldier ant
   143 | D        | Reached **** piety under Cheibriados
   144 | D        | Reached skill level 5 in Dodging
   144 | D        | Reached XP level 6. HP: 11/60 MP: 5/5
   148 | D        | Arena points: 48 (+36) [x3]
   150 | D        | Found an iron altar of Okawaru.
   150 | D        | Found a basalt altar of Yredelemnul.
   151 | D        | Found a blossoming altar of Fedhas.
   151 | D        | Found Zaeduhy's Premium Goods.
   151 | D        | Found Cokhlinyf's Weapon Rack.
   152 | D        | Found Aptedyes's Miscellaneous Merchandise.
   152 | D        | Found Woganak's Basic Armour.
   155 | D        | Found a shimmering altar of Xom.
   159 | D        | Bought a +0 broad axe for 120 gold pieces
   185 | D        | Round 3.
   198 | D        | Noticed a merfolk
   201 | D        | Slain by a merfolk

Illustrated notes

Levels and vault maps discovered:
D:        arena_sprint

Skill      XL: |  1  2  3  4  5 |
---------------+----------------+-----
Axes           | 5 7 9 |  9.4
Shields        | 6 7 9 |  9.6
Fighting       | 5 6 7 |  7.3
Armour         | 5 7 |  7.2
Dodging        | 3 4 5 |  5.5

Action                   |  1- 3 |  4- 6 || total
-------------------------+-------+-------++-------
Melee: War axe           |    10 |    31 ||    41
       Headbutt          |     3 |     8 ||    11
  Use: Potion            |       |     2 ||     2
Armor: Scale mail        |       |     6 ||     6
Dodge: Dodged            |     3 |    15 ||    18
Block: Kite shield       |     4 |    20 ||    24

Table legend: (Time is in decaauts)
 A = Elapsed time spent in this place.
 B = Non-inter-level travel time spent in this place.
 C = Inter-level travel time spent in this place.
 D = Time resting spent in this place.
 E = Time spent auto-exploring this place.
 F = Levels seen in this place.
 G = Mean time per level.
                   A        B        C        D        E       F      G
               +--------+--------+--------+--------+--------+-----+--------+
         Total |    235 |    235 |      0 |     72 |     47 |   1 |  235.0 |
       Dungeon |    235 |    235 |      0 |     72 |     47 |   1 |  235.0 |
               +--------+--------+--------+--------+--------+-----+--------+

Top non-repeatable levels by time:
       D: 235 daAuts
